 Dungeon Crawl Stone Soup version 0.28.0-47-ge53b351184 (webtiles) character file.

Game seed: 3470867499926263052

3 seaoflcl the Charlatan (level 1, -1/15 HPs)
             Began as a Human Artificer on May 2, 2022.
             Slain by a ball python (2 damage)
             ... on level 1 of the Dungeon.
             The game lasted 00:00:22 (91 turns).

seaoflcl the Charlatan (Human Artificer)              Turns: 91, Time: 00:00:23

Health: -1/15      AC:  3    Str: 12    XL:     1   Next: 55%
Magic:  1/1        EV: 11    Int: 11    God:
Gold:   3          SH:  0    Dex: 13    Spells: 0/0 levels left

rFire   . . .      SeeInvis .   a - +0 club
rCold   . . .      Faith    .   (no shield)
rNeg    . . .      Spirit   .   b - +0 leather armour
rPois   .          Reflect  .   (no helmet)
rElec   .          Harm     .   (no cloak)
rCorr   .          Rampage  .   (no gloves)
Will    .....                   (no boots)
Stlth   +.........              (no amulet)
HPRegen 0.05/turn               (no ring)
MPRegen 0.07/turn               (no ring)

@: no status effects
A: no striking features
a: no special abilities


You were on level 1 of the Dungeon.
You visited 1 branch of the dungeon, and saw 1 of its levels.

You collected 3 gold pieces.

Inventory:

Hand Weapons
 a - a +0 club (weapon)
Armour
 b - a +0 leather armour (worn)
Wands
 c - a wand of flame (15) (quivered)
 d - a wand of charming (15)
Miscellaneous
 e - a piece from Xom's chessboard (15/15)


   Skills:
 + Level 1.1 Fighting
 + Level 2.0 Armour
 + Level 1.1 Dodging
 + Level 1.1 Stealth
 + Level 3.0 Evocations


You couldn't memorise any spells.
You didn't know any spells.
Your spell library was empty.

Dungeon Overview and Level Annotations

Branches:
Dungeon (1/15)

Altars:


Message History

You hit the hobgoblin.
The hobgoblin is moderately wounded.
The goblin hits you but does no damage. The hobgoblin completely misses you.
The ball python hisses angrily.
You hit the hobgoblin but do no damage.
The hobgoblin is moderately wounded.
The goblin misses you.
The hobgoblin hits you but does no damage.
You hit the hobgoblin.
The hobgoblin is severely wounded.
The goblin hits you with a +0 dagger. The hobgoblin closely misses you.
You barely miss the hobgoblin.
The hobgoblin is severely wounded.
The goblin hits you with a +0 dagger. The hobgoblin hits you.
* * * LOW HITPOINT WARNING * * *
The hobgoblin hits you.
* * * LOW HITPOINT WARNING * * *
The goblin hits you but does no damage.
You barely miss the goblin.
The goblin is severely wounded.
The goblin hits you but does no damage. The hobgoblin hits you.
* * * LOW HITPOINT WARNING * * *
You hit the goblin but do no damage. You punch the goblin, but do no damage.
The goblin is severely wounded.
The goblin hits you but does no damage.
The hobgoblin hits you but does no damage.
You hit the goblin.
You kill the goblin!
The hobgoblin misses you. The hobgoblin barely misses you.
Unknown command.
The hobgoblin hits you but does no damage.
Things that are here:
a +0 dagger; a goblin corpse You closely miss the hobgoblin.
The hobgoblin is severely wounded.
The hobgoblin closely misses you.
You hit the hobgoblin.
You kill the hobgoblin!
The ball python bites you.
You die...

..#.#.#.##.# ##..######.##
...........#.##..######...
..........................
P?....... #.......##..
#....######.......##..
#.................###.
#.....###.#..###.## .
###+#S###.##.###.### .
#...@.............# .
##+###.#.##.###...#
#.#.##.# #...# #.#.##.#
#...# #.#.##.# #.###
#.#.##.# #.# #.#..... #.#
#.###### #.# #..


You could see a ball python.

Vanquished Creatures
  A ball python (D:1)
  A goblin (D:1)
  A hobgoblin (D:1)
  A kobold (D:1)
4 creatures vanquished.

Notes
Turn   | Place    | Note
-------+----------+-------------------------------------------
     0 | D:1      | seaoflcl the Human Artificer began the quest for the Orb.
     0 | D:1      | Reached XP level 1. HP: 15/15 MP: 1/1
    91 | D:1      | Slain by a ball python

Illustrated notes

Levels and vault maps discovered:
D:1:      lightli_arrival_statuegarden, layout_basic,
          dreamdust_ecumenical_altar_statues, serial_forest,
          infiniplex_forest_straight_1, infiniplex_forest_end_2,
          infiniplex_forest_end_2, infiniplex_forest_lined_4_way,
          infiniplex_forest_clump_long, infiniplex_forest_clump_tiny

Action                   || total
-------------------------++-------
Melee: Club              ||    23
       Punch             ||     2
Armor: Leather armour    ||    11
Dodge: Dodged            ||    22
